 Dungeon Sprint DCSS version 0.28-a0-1518-gbe868bca14 (webtiles) character file.

Game seed: 493075576584699038

1224 mhtbhm the Protected (level 8, 0/56 HPs)
             Began as a Gargoyle Fighter on Jan 16, 2022.
             Was a Believer of Okawaru.
             Collided with a rock wall (5 damage)
             ... caused by Erica
             ... in the Dungeon (Sprint III: "The Ten Rune Challenge").
             The game lasted 00:02:23 (1238 turns).

mhtbhm the Protected (Gargoyle Fighter)             Turns: 1238, Time: 00:02:25

Health: 0/56       AC: 19    Str: 22    XL:     8   Next: 47%
Magic:  8/8        EV: 10    Int:  9    God:    Okawaru [**....]
Gold:   54         SH:  5    Dex:  9    Spells: 7/7 levels left

rFire   + . .      SeeInvis .   a - +0 flail
rCold   . . .      Faith    .   c - +0 buckler
rNeg    + . .      Spirit   .   b - +0 scale mail
rPois   ∞          Reflect  .   (no helmet)
rElec   +          Harm     .   k - +2 cloak
rCorr   .          Rampage  .   (no gloves)
Will    .....      NoTele   +   (no boots)
Stlth   ..........              (no amulet)
HPRegen 0.18/turn               (no ring)
MPRegen 0.11/turn               (no ring)

@: slowed, very slow
A: sickness immunity, AC +5, negative energy resistance 1, electricity
resistance, torment resistance 1, petrification resistance, fire resistance 1,
shaggy fur 1
a: Renounce Religion, Heroism


You were in the Dungeon.
You worshipped Okawaru.
Okawaru was pleased with you.
You visited 1 branch You collected 54 gold pieces.

Inventory:

Hand Weapons
 a - a +0 flail (weapon)
Armour
 b - a +0 scale mail (worn)
 c - a +0 buckler (worn)
 k - a +2 cloak (worn)
Scrolls
 j - a scroll of blinking
 m - a scroll of holy word {unknown}
 n - 3 scrolls of identify
 p - a scroll of immolation {unknown}
Potions
 f - a potion of brilliance
 g - a potion of haste
 h - 2 potions of magic
 l - a potion of mutation
 o - 2 potions of lignification {unknown}
 q - a potion of invisibility {unknown}
 r - 2 potions of flight
Miscellaneous
 d - a lightning rod (4/4)


   Skills:
 + Level 9.6 Fighting
 + Level 10.0 Maces & Flails
 + Level 11.2 Armour
 + Level 3.6 Dodging
 + Level 8.9 Shields


You had 7 spell levels left.
You didn't know any spells.
Your spell library contained the following spells:

 Spells                   Type           Power      Damage    Failure   Level
 Magic Dart               Conj           0%         1d3       73%         1
 Searing Ray              Conj           0%         2d4       86%         2
 Fulminant Prism          Conj/Hex       0%         3d6       100%        4


Dungeon Overview and Level Annotations

Branches:
Dungeon (1/1)

Altars:
Cheibriados
Dithmenos
Elyvilon
Fedhas
Gozag
Hepliaklqana
Kikubaaqudgha
Makhleb
Nemelex Xobeh
Okawaru
Qazlal
Ru
Sif Muna
Trog
Uskayaw
Vehumet
Wu Jian
Xom
Yredelemnul
Zin
The Shining One
Beogh
Jiyva
Lugonu

Annotations:
D Erica


Innate Abilities, Weirdness & Mutations

You are immune to sickness and miasma.
Your stone body is resilient. (AC +5)
You are immune to poison.
You resist negative energy. (rN+)
You are resistant to electric shocks. (rElec)
You are resistant to unholy torment.
You are immune to petrification.
Your flesh is heat resistant. (rF+)
You are covered in fur. (AC +1)


Message History

Your unstable footing causes you to fumble your attack.
Erica says, "I'm so much better than you."
Erica gestures at you while chanting. The bolt of poison misses you.
Erica casts a spell at you. The lance of force misses you.
You sock Erica!
Erica is moderately wounded.
Erica gestures at you while chanting. The lance of force hits you!
You are knocked back by the lance of force.
You slam into the rock wall!
Erica gestures wildly while chanting.
Erica flickers and vanishes!
Deactivating autopickup; reactivate with Ctrl-A.
You barely miss something.
Unknown command.
You closely miss something. Something hits you.
You hear a splashing noise.
You closely miss something. Something hits you! Something burns you.
You hit something. Something hits you.
You hear some strange, mumbled words.
A bolt of poison appears from out of thin air!
The bolt of poison hits you but does no damage.
You resist.
You thump something!
You hear a splashing noise.
You barely miss something. Something hits you but does no damage.
You sock something!
You hear some strange, mumbled words.
A lance of force appears from out of thin air!
The lance of force misses you. Something hits you. Something burns you.
You sock something!
You hear some strange, mumbled words.
A lance of force appears from out of thin air!
The lance of force hits you!!
* * * LOW HITPOINT WARNING * * *
You are knocked back by the lance of force.
You slam into the rock wall!
You die...

##.############
##..#___#___#__#
.#..#.).#__)#/_
.#..###'#÷###)##
'#..#....÷.....#
#...'.⌠........#
#...#...######'#
....#.⌠.#__#...#+#####
....#...#__#...#@§{§≈+
....#)###__#...#.#§§≈#
....#...#__#...'.#§§§#
....#___#__'...#.#§§.#
▓▓▓▓▓▓▓▓▓▓▓▓▓▓▓▓▓▓▓▓▓▓


There were no monsters in sight!

Vanquished Creatures
  A deep elf pyromancer (D)
  A shadow (D)
  A spatial vortex (D)
  A necrophage (D)
  A water elemental (D)
  Crazy Yiuf (D)
  A jelly (D)
  Jessica (D)
  A wizard (D)
  A necromancer (D)
  3 humans (D)
  A kobold demonologist (D)
  An endoplasm (D)
  2 rats (D)
17 creatures vanquished.

Notes
Turn   | Place    | Note
-------+----------+-------------------------------------------
     0 | D        | mhtbhm the Gargoyle Fighter began the quest for the Orb.
     0 | D        | Reached XP level 1. HP: 14/14 MP: 1/1
   115 | D        | Noticed Jessica
   126 | D        | Killed Jessica
   127 | D        | Reached skill level 4 in Armour
   127 | D        | Reached XP level 2. HP: 20/20 MP: 2/2
   127 | D        | Reached XP level 3. HP: 24/24 MP: 3/3
   188 | D        | Reached skill level 5 in Fighting
   188 | D        | Reached skill level 5 in Armour
   188 | D        | Reached skill level 5 in Shields
   249 | D        | Noticed Crazy Yiuf
   255 | D        | Killed Crazy Yiuf
   256 | D        | Reached skill level 6 in Armour
   256 | D        | Reached XP level 4. HP: 18/31 MP: 4/4
   280 | D        | Gained mutation: Your spells are a little harder to cast,
                  | but a little more powerful. [potion of mutation]
   280 | D        | Gained mutation: You have sharp toenails. [potion of
                  | mutation]
   379 | D        | Lost mutation: Your spells are a little harder to cast, but
                  | a little more powerful. [potion of mutation]
   379 | D        | Lost mutation: You have sharp toenails. [potion of
                  | mutation]
   379 | D        | Gained mutation: You are covered in fur. (AC +1) [potion of
                  | mutation]
   379 | D        | Gained mutation: Your flesh is heat resistant. (rF+)
                  | [potion of mutation]
   380 | D        | Noticed a water elemental
   386 | D        | Killed a water elemental
   387 | D        | Reached skill level 7 in Armour
   387 | D        | Reached XP level 5. HP: 22/36 MP: 5/5
   504 | D        | Found a hide-covered altar of Uskayaw.
   504 | D        | Found an iron altar of Okawaru.
   504 | D        | Found a bloodstained altar of Trog.
   504 | D        | Found an ornate altar of the Wu Jian Council.
   504 | D        | Noticed a human
   504 | D        | Noticed a human
   517 | D        | Killed a human
   518 | D        | Reached skill level 5 in Maces & Flails
   518 | D        | Reached skill level 8 in Armour
   518 | D        | Reached skill level 1 in Dodging
   518 | D        | Reached XP level 6. HP: 44/44 MP: 6/6
   522 | D        | Killed a human
   523 | D        | Reached skill level 9 in Armour
   619 | D        | Became a worshipper of Warmaster Okawaru
   727 | D        | Found a glowing silver altar of Zin.
   727 | D        | Found a glowing golden altar of the Shining One.
   727 | D        | Found a white marble altar of Elyvilon.
   728 | D        | Noticed a deep elf pyromancer
   739 | D        | Killed a deep elf pyromancer
   739 | D        | Reached * piety under Okawaru
   740 | D        | Reached skill level 10 in Armour
   740 | D        | Reached XP level 7. HP: 36/51 MP: 7/7
   837 | D        | Found a radiant altar of Vehumet.
   837 | D        | Found a shimmering blue altar of Sif Muna.
   837 | D        | Found an ancient bone altar of Kikubaaqudgha.
   842 | D        | Noticed a smoke demon
   846 | D        | Noticed a soul eater
   876 | D        | Found a basalt altar of Yredelemnul.
   876 | D        | Found a shadowy altar of Dithmenos.
   876 | D        | Found a sacrificial altar of Ru.
   880 | D        | Reached XP level 8. HP: 53/56 MP: 8/8
   887 | D        | Noticed a shadow
   907 | D        | Killed a shadow
   908 | D        | Reached skill level 11 in Armour
  1145 | D        | Found a blossoming altar of Fedhas.
  1145 | D        | Found a stormy altar of Qazlal.
  1145 | D        | Found a snail-covered altar of Cheibriados.
  1145 | D        | Found a burning altar of Makhleb.
  1145 | D        | Found a shimmering altar of Xom.
  1146 | D        | Found a hazy altar of Hepliaklqana.
  1146 | D        | Found an opulent altar of Gozag.
  1146 | D        | Found a sparkling altar of Nemelex Xobeh.
  1146 | D        | Found a corrupted altar of Lugonu.
  1146 | D        | Found a viscous altar of Jiyva.
  1166 | D        | Reached ** piety under Okawaru
  1167 | D        | Reached skill level 10 in Maces & Flails
  1214 | D        | Noticed Erica
  1238 | D        | Collided with a rock wall

Illustrated notes

Levels and vault maps discovered:
D:        dungeon_sprint_mu [sprint_mu_entry_cave, sprint_mu_temple_rooms,
          sprint_mu_d1_horrors, sprint_mu_d2_genie, sprint_mu_d3_branching,
          sprint_mu_orc_legion, sprint_mu_elf_gauntlet, sprint_mu_hive_nellie,
          sprint_mu_lair_fedhas, sprint_mu_vaults_butterflies,
          sprint_mu_slime_circle, sprint_mu_swamp_cave, sprint_mu_snake_twists,
          sprint_mu_blade_basic, sprint_mu_crypt_lich, sprint_mu_tomb_spiral,
          sprint_mu_vestibule_basic, sprint_mu_gehenna_hellfire,
          sprint_mu_dis_giant, sprint_mu_tartarus_statrot,
          sprint_mu_cocytus_islands, sprint_mu_zot1]

Skill      XL: |  1  2  3  4  5  6  7  8 |
---------------+-------------------------+-----
Fighting       | 4 5 6 7 9 |  9.6
Armour         | 4 6 7 8 10 11 | 11.2
Shields        | 4 5 6 7 8 |  8.9
Maces & Flails | 3 5 8 10 | 10.0
Dodging        | 1 3 |  3.6

Action                   |  1- 3 |  4- 6 |  7- 9 || total
-------------------------+-------+-------+-------++-------
Melee: Flail             |    34 |    32 |    72 ||   138
  Use: Potion            |     1 |     3 |     3 ||     7
Armor: Scale mail        |    10 |    10 |    27 ||    47
Dodge: Dodged            |    16 |     9 |    19 ||    44
Block: Buckler           |     5 |     5 |    12 ||    22

Table legend: (Time is in decaauts)
 A = Elapsed time spent in this place.
 B = Non-inter-level travel time spent in this place.
 C = Inter-level travel time spent in this place.
 D = Time resting spent in this place.
 E = Time spent auto-exploring this place.
 F = Levels seen in this place.
 G = Mean time per level.
                   A        B        C        D        E       F      G
               +--------+--------+--------+--------+--------+-----+--------+
         Total |   1268 |   1268 |      0 |    839 |     96 |   1 | 1268.0 |
       Dungeon |   1268 |   1268 |      0 |    839 |     96 |   1 | 1268.0 |
               +--------+--------+--------+--------+--------+-----+--------+

Top non-repeatable levels by time:
       D: 1268 daAuts
